 Dungeon Crawl Stone Soup version 0.29.0-4-gdea44cf6ec (webtiles) character file.

Game seed: 11186666481738498086

13550 qw the Cleaver (level 12, -6/77 HPs)
             Began as a Gargoyle Berserker on Sept 4, 2022.
             Was an Elder of Trog.
             Mangled by a cane toad (9 damage)
             ... on level 2 of the Lair of Beasts.
             The game lasted 00:04:11 (13223 turns).

qw the Cleaver (Gargoyle Berserker)                Turns: 13223, Time: 00:04:11

Health: -6/77      AC: 28    Str: 25    XL:     12   Next: 7%
Magic:  12/12      EV:  8    Int:  9    God:    Trog [****..]
Gold:   261        SH:  6    Dex: 15    Spells: 11/11 levels left

rFire   . . .      SeeInvis .   Y - +1 war axe
rCold   . . .      Faith    .   d - +0 buckler of Freedom {Dex+6}
rNeg    + . .      Spirit   .   q - +0 plate armour
rPois   inf        Reflect  .   (helmet restricted)
rElec   +          Harm     .   g - +0 cloak
rCorr   +          Rampage  .   p - +0 pair of gloves
Will    +....                   l - +1 pair of boots
Stlth   ..........              r - amulet of regeneration
HPRegen 1.82/turn               k - ring of resist corrosion
MPRegen 0.13/turn               j - ring of willpower

@: on berserk cooldown, slowed, very slow
A: sickness immunity, AC +8, negative energy resistance 1, electricity
resistance, torment resistance 1, petrification resistance, horns 1, sense
surroundings 1, regeneration 1, wild magic 1
a: Renounce Religion, Berserk, Trog's Hand, Brothers in Arms


You were on level 2 of the Lair of Beasts.
You worshipped Trog.
Trog was greatly pleased with you.
You visited 2 branches of the dungeon, and saw 10 of its levels.

You collected 415 gold pieces.
You spent 154 gold pieces at shops.


Innate Abilities, Weirdness & Mutations

You are immune to sickness and miasma.
Your stone body is resilient. (AC +8)
You are immune to poison.
You resist negative energy. (rN+)
You are resistant to electric shocks. (rElec)
You are resistant to unholy torment.
You are immune to petrification.
You have a pair of small horns on your head.
You passively map a small area around you.
Your natural rate of healing is unusually fast.
Your spells are a little harder to cast, but a little more powerful.


   Skills:
 - Level 10.0 Fighting
 + Level 12.2 Axes
 - Level 3.2 Throwing
 - Level 9.0 Armour
 - Level 3.7 Dodging
 - Level 6.2 Shields


You had 11 spell levels left.
You didn't know any spells.
Your spell library was empty.

Inventory:

Hand Weapons
 w - a +0 demon whip of venom
 Y - a +1 war axe (weapon)
Missiles
 h - a silver boomerang
 i - 8 boomerangs
 v - 4 javelins (quivered)
Armour
 d - the +0 buckler of Freedom (worn) {Dex+6}
   (You acquired it on level 4 of the Dungeon)

   Dex:       It affects your dexterity (+6).
 g - a +0 cloak (worn)
 l - a +1 pair of boots (worn)
 p - a +0 pair of gloves (worn)
 q - a +0 plate armour (worn)
Jewellery
 b - a ring of ice
 j - a ring of willpower (right hand)
 k - a ring of resist corrosion (left hand)
 r - an amulet of regeneration (around neck)
Scrolls
 f - 3 scrolls of identify
Potions
 a - a potion of cancellation
 c - 4 potions of haste
 e - 4 potions of might
 m - a potion of mutation
 n - 4 potions of curing
 t - a potion of resistance

Dungeon Overview and Level Annotations

Branches:
Dungeon (8/15)             Temple (0/1) D:6            Lair (2/5) D:8
  Swamp: Lair:2-3    Shoals: Lair:2-3     Snake: Lair:2-3    Spider: Lair:2-3

Altars:
Dithmenos
Elyvilon
Sif Muna
Zin

Shops:
D:7 *

Annotations:
Lair:1 3 runed translucent doors, qw's ghost, journeyman TrCA; qw's ghost, novice TeWr


Message History

The blink frog blinks! x3; The blink frog hits you.
The blink frog blinks!
The wolf bites you but does no damage.
The blink frog blinks! x2
The wolf bites you but does no damage. The cane toad barely misses you.
The blink frog hits you but does no damage.
You hit the wolf. Your headbutt misses the wolf.
The wolf is severely wounded.
You slash the blink frog! You hit the wolf but do no damage.
You hit the cane toad. The wolf bites you but does no damage.
The wolf closely misses you.
The blink frog blinks!
You block the wolf's attack. The blink frog hits you!
The blink frog closely misses you.
The cane toad stings you but does no damage.
The blink frog blinks!
The wolf bites you but does no damage.
The blink frog blinks!
You hit the blink frog but do no damage.
The blink frog is severely wounded.
You closely miss the blink frog. You closely miss the wolf.
You slash the cane toad! You miss the wolf. You hit the blink frog.
You slash the blink frog! The wolf closely misses you.
The blink frog hits you but does no damage.
The wolf bites you but does no damage. The blink frog hits you.
The blink frog blinks!
The blink frog hits you but does no damage.
The cane toad stings you but does no damage.
The blink frog hits you but does no damage.
The wolf barely misses you. The blink frog hits you.
The blink frog blinks!
The wolf bites you but does no damage. The blink frog barely misses you.
The blink frog blinks!
You block the cane toad's attack.
The blink frog blinks!
The wolf bites you but does no damage.
You closely miss the wolf.
The wolf is severely wounded.
You hit the wolf. You closely miss the cane toad. You hit the blink frog.
You miss the blink frog. The wolf bites you.
The blink frog hits you but does no damage.
The wolf barely misses you.
The blink frog blinks!
The blink frog hits you but does no damage.
The wolf completely misses you. The cane toad stings you!
You die...

, , ..>... .....*
... .. .....#* ,
###..#.##....# * ..
#P.#.#.#.....# # ,
P+. ,
........¤....###.#+
, ...... ,
........F....¤...(
, .......
.....F.hh....¤....
, .......
,......F@FF........
, .......,
.F.....FF.......#
..#....
#.##.###F..######
*, , .........# #
##..####.###
.........#.
#....#....## ,
).#........ ,
*#..##......# ,
..#......#,,
##.........##
.........#
#....#.....#
.##......+ ,, ,
##..'......# ,


You could see a cane toad, 8 blink frogs and 2 wolves.

Vanquished Creatures
  A two-headed ogre (D:7)
  Amaemon (D:8)
  Pikel (D:6)
  3 black mambas
  Joseph (D:7)
  A torpor snail (Lair:1)
  An orange demon (D:8)
  3 komodo dragons
  2 cane toads (Lair:1)
  A troll (D:8)
  Grinder (D:6)
  5 blink frogs (Lair:1)
  12 yaks (Lair:1)
  2 wyverns
  Menkaure (D:5)
  A steam dragon (D:8)
  Edmund (D:4)
  An acid dragon (D:8)
  3 water moccasins
  2 sky beasts
  2 ice beasts
  2 orc warriors (D:7)
  3 black bears
  2 ogres
  7 wolves
  3 centaurs
  4 lemures (D:6)
  A phantom (D:7)
  A kobold brigand (D:5)
  5 bullfrogs
  A gnoll sergeant (D:7)
  3 scorpions
  2 necrophages (D:5)
  5 wights
  5 electric eels
  7 hounds
  A gnoll bouda (D:8)
  9 orc priests
  16 orc wizards
  5 hell rats (Lair:2)
  4 iguanas
  22 gnolls
  8 adders
  2 shadow imps
  A white imp (D:8)
  An ufetubus (D:7)
  A worm (D:5)
  5 dart slugs
  39 orcs
  6 endoplasms
  4 giant cockroaches
  8 hobgoblins
  3 quokkas
  9 ball pythons
  3 bats
  4 frilled lizards
  4 goblins
  9 kobolds
  4 rats
265 creatures vanquished.

Vanquished Creatures (others)
  A wight (D:8)
  A gnoll (D:8)
  3 fungi
  11 plants
16 creatures vanquished.

Grand Total: 281 creatures vanquished

Notes
Turn   | Place    | Note
-------+----------+-------------------------------------------
     0 | D:1      | qw the Gargoyle Berserker began the quest for the Orb.
     0 | D:1      | Reached XP level 1. HP: 14/14 MP: 1/1
     0 | D:1      | 0 ||| qw: Version: 0.1-a-103-gd6f5d3a
     0 | D:1      | 0 ||| qw: Game counter: 5599
     0 | D:1      | 0 ||| qw: Always use a shield: true
     0 | D:1      | 0 ||| qw: Do Orc after D:15 true
     0 | D:1      | 0 ||| qw: Do second Lair branch before Depths: true
     0 | D:1      | 0 ||| qw: Lair rune preference: random
     0 | D:1      | 0 ||| qw: Plans: Normal
     0 | D:1      | 0 ||| PLANNING D:1-11
    92 | D:1      | Reached skill level 3 in Axes
   330 | D:1      | Reached XP level 2. HP: 15/19 MP: 2/2
   333 | D:1      | 333 ||| INVOKING Berserk.
   956 | D:1      | 956 ||| READING scroll labelled BOTHRA TESA.
   957 | D:1      | 957 ||| READING scroll labelled BAOMUM VAAR.
   958 | D:1      | 958 ||| READING scroll labelled VESTOPSEMYS.
   963 | D:1      | 963 ||| DRINKING 2 metallic purple potions.
   994 | D:2      | 994 ||| DROPPING +0 club.
  1112 | D:2      | Reached XP level 3. HP: 23/23 MP: 3/3
  1161 | D:2      | 1161 ||| INVOKING Berserk.
  1481 | D:2      | Reached skill level 4 in Axes
  1634 | D:2      | 1634 ||| UPGRADING to +0 leather armour.
  1644 | D:2      | 1644 ||| DROPPING +0 animal skin.
  1645 | D:2      | 1645 ||| UPGRADING to +0 ring mail.
  1655 | D:2      | 1655 ||| DROPPING +0 leather armour.
  1656 | D:2      | 1656 ||| DROPPING ring of magical power.
  1657 | D:2      | 1657 ||| UPGRADING to ring of resist corrosion.
  1658 | D:2      | 1658 ||| READING scroll labelled GEEKEXTYFA.
  1659 | D:2      | 1659 ||| READING 6 scrolls of identify.
  1659 | D:2      | 1659 ||| IDENTIFYING puce potion
  1660 | D:2      | 1660 ||| READING 5 scrolls of identify.
  1660 | D:2      | 1660 ||| IDENTIFYING lumpy cyan potion
  1661 | D:2      | 1661 ||| READING 4 scrolls of identify.
  1661 | D:2      | 1661 ||| IDENTIFYING fizzy inky potion
  1662 | D:2      | 1662 ||| READING 3 scrolls of identify.
  1662 | D:2      | 1662 ||| IDENTIFYING bubbling blue potion
  1663 | D:2      | 1663 ||| DROPPING potion of attraction.
  1664 | D:2      | 1664 ||| DROPPING potion of brilliance.
  1665 | D:2      | 1665 ||| DROPPING potion of flight.
  1726 | D:3      | Found a white marble altar of Elyvilon.
  1949 | D:3      | Identified the +2 short sword of Valiance {vorpal, rC+ MP+9
                  | Int-4}
  1969 | D:3      | 1969 ||| READING scroll of enchant weapon.
  1969 | D:3      | 1969 ||| ENCHANTING +1 hand axe.
  1973 | D:3      | 1973 ||| READING scroll of enchant weapon.
  1973 | D:3      | 1973 ||| ENCHANTING +2 hand axe.
  2109 | D:3      | Reached ** piety under Trog
  2110 | D:3      | Reached XP level 4. HP: 28/28 MP: 4/4
  2273 | D:3      | Found a faded altar of an unknown god.
  2786 | D:3      | 2786 ||| READING scroll labelled OGOS OLAMN.
  2787 | D:3      | 2787 ||| READING scroll labelled SAKHAN IDYWUE.
  2958 | D:4      | Noticed Edmund
  2962 | D:4      | 2962 ||| INVOKING Berserk.
  2966 | D:4      | Killed Edmund
  2967 | D:4      | Reached skill level 5 in Axes
  2967 | D:4      | Reached XP level 5. HP: 32/32 MP: 5/5
  3174 | D:4      | 3174 ||| Stepping ~*~*~tactically~*~*~ (stealth).
  3327 | D:4      | 3327 ||| FLEEEEING.
  3328 | D:4      | 3328 ||| FLEEEEING.
  3329 | D:4      | 3329 ||| FLEEEEING.
  3330 | D:4      | 3330 ||| FLEEEEING.
  3348 | D:4      | 3348 ||| DRINKING 2 potions of curing.
  3348 | D:4      | 3348 ||| (to cure confusion)
  3354 | D:4      | 3354 ||| DRINKING potion of curing.
  3354 | D:4      | 3354 ||| (to cure confusion)
  3378 | D:4      | 3378 ||| INVOKING Berserk.
  3533 | D:4      | Reached XP level 6. HP: 38/38 MP: 6/6
  3537 | D:4      | 3537 ||| Stepping ~*~*~tactically~*~*~ (stealth).
  3591 | D:4      | 3591 ||| INVOKING Berserk.
  3593 | D:4      | Reached skill level 6 in Axes
  3825 | D:4      | 3825 ||| Stepping ~*~*~tactically~*~*~ (stealth).
  3828 | D:4      | 3828 ||| INVOKING Berserk.
  3945 | D:4      | 3945 ||| DROPPING +0 whip.
  3948 | D:4      | 3948 ||| DROPPING +1 flail of venom.
  3960 | D:4      | 3960 ||| INVOKING Berserk.
  4495 | D:4      | 4495 ||| UPGRADING to +0 chain mail.
  4505 | D:4      | 4505 ||| UPGRADING to +0 pair of boots.
  4510 | D:4      | 4510 ||| DROPPING +0 ring mail.
  4511 | D:4      | 4511 ||| READING scroll labelled FIQYGA POPPUDU.
  4512 | D:4      | 4512 ||| READING scroll labelled KOVVIY ATTAIS.
  4512 | D:4      | Identified a scroll of acquirement
  4512 | D:4      | 4512 ||| ACQUIRING +0 buckler of Freedom {Dex+6}
  4512 | D:4      | Acquired the +0 buckler of Freedom {Dex+6}
  4514 | D:4      | 4514 ||| UPGRADING to +0 buckler of Freedom {Dex+6}.
  4519 | D:4      | 4519 ||| READING 3 scrolls of identify.
  4519 | D:4      | 4519 ||| IDENTIFYING smoky black potion
  4520 | D:4      | 4520 ||| READING 2 scrolls of identify.
  4520 | D:4      | 4520 ||| IDENTIFYING silvery potion
  4521 | D:4      | 4521 ||| DROPPING potion of ambrosia.
  4522 | D:4      | 4522 ||| DROPPING potion of degeneration.
  4609 | D:5      | Entered Level 5 of the Dungeon
  4610 | D:5      | 4610 ||| INVOKING Berserk.
  4615 | D:5      | Reached XP level 7. HP: 43/43 MP: 7/7
  4616 | D:5      | Reached skill level 1 in Shields
  4619 | D:5      | 4619 ||| STAIRDANCE
  4809 | D:5      | 4809 ||| FLEEEEING.
  4810 | D:5      | 4810 ||| FLEEEEING.
  4811 | D:5      | 4811 ||| FLEEEEING.
  4813 | D:5      | 4813 ||| FLEEEEING.
  4816 | D:5      | 4816 ||| FLEEEEING.
  4820 | D:5      | 4820 ||| FLEEEEING.
  4821 | D:5      | 4821 ||| FLEEEEING.
  4822 | D:5      | 4822 ||| FLEEEEING.
  4823 | D:5      | 4823 ||| FLEEEEING.
  4861 | D:5      | 4861 ||| Stepping ~*~*~tactically~*~*~ (stealth).
  4869 | D:5      | 4869 ||| INVOKING Berserk.
  4872 | D:5      | Reached skill level 3 in Armour
  4876 | D:5      | Reached skill level 3 in Shields
  4990 | D:5      | 4990 ||| INVOKING Berserk.
  4999 | D:5      | Reached skill level 7 in Axes
  5310 | D:5      | 5310 ||| INVOKING Berserk.
  5314 | D:5      | Reached XP level 8. HP: 24/49 MP: 8/8
  5674 | D:5      | 5674 ||| INVOKING Berserk.
  5803 | D:5      | 5803 ||| Stepping ~*~*~tactically~*~*~ (hiding).
  5815 | D:5      | 5815 ||| FLEEEEING.
  5904 | D:5      | 5904 ||| Stepping ~*~*~tactically~*~*~ (hiding).
  6141 | D:5      | Noticed Menkaure
  6145 | D:5      | 6145 ||| INVOKING Berserk.
  6148 | D:5      | Killed Menkaure
  6261 | D:5      | 6261 ||| SWAPPING to +0 war axe.
  6262 | D:5      | 6262 ||| DROPPING +3 hand axe.
  6280 | D:5      | Found a glowing silver altar of Zin.
  6302 | D:5      | Identified the +4 long sword "Cuxzug" {flame, rElec rC-
                  | Str+6}
  6361 | D:5      | 6361 ||| READING scroll of enchant weapon.
  6361 | D:5      | 6361 ||| ENCHANTING +0 war axe.
  6495 | D:5      | 6495 ||| UPGRADING to +0 cloak.
  6500 | D:5      | 6500 ||| DRINKING 2 bubbling emerald potions.
  6501 | D:5      | 6501 ||| DRINKING 2 yellow potions.
  6502 | D:5      | 6502 ||| READING 2 scrolls of identify.
  6502 | D:5      | 6502 ||| IDENTIFYING pink potion
  6503 | D:5      | 6503 ||| DROPPING potion of magic.
  6564 | D:6      | 6564 ||| PLANNING SEWER
  6564 | D:6      | 6564 ||| STAIRDANCE
  6572 | D:6      | 6572 ||| STAIRDANCE
  6624 | D:6      | Reached skill level 8 in Axes
  6811 | D:6      | Found a staircase to the Ecumenical Temple.
  7073 | D:6      | 7073 ||| INVOKING Berserk.
  7082 | D:6      | Reached skill level 6 in Fighting
  7201 | D:6      | 7201 ||| INVOKING Berserk.
  7205 | D:6      | Reached XP level 9. HP: 56/56 MP: 9/9
  7211 | D:6      | Noticed Pikel
  7218 | D:6      | HP: 9/56 [constriction (8)]
  7219 | D:6      | 7219 ||| DRINKING potion of heal wounds.
  7225 | D:6      | Noticed Grinder
  7226 | D:6      | 7226 ||| INVOKING Trog's Hand.
  7227 | D:6      | HP: 13/56 [constriction (2)]
  7228 | D:6      | HP: 2/56 [Pikel/+2 whip of freezing (6)]
  7231 | D:6      | Killed Pikel
  7232 | D:6      | Reached skill level 9 in Axes
  7234 | D:6      | HP: 7/56 [adder (2)]
  7235 | D:6      | 7235 ||| INVOKING Trog's Hand.
  7245 | D:6      | Killed Grinder
  7269 | D:6      | 7269 ||| RIP SEWER
  7288 | D:6      | 7288 ||| PLANNING D:1-11
  7291 | D:6      | 7291 ||| INVOKING Berserk.
  7761 | D:6      | 7761 ||| Stepping ~*~*~tactically~*~*~ (stealth).
  7778 | D:6      | 7778 ||| INVOKING Berserk.
  8487 | D:6      | 8487 ||| UPGRADING to ring of willpower.
  8488 | D:6      | 8488 ||| READING scroll labelled DYIDIH ROLAF.
  8489 | D:6      | 8489 ||| READING scroll labelled AFUORCH VOUVVES.
  8490 | D:6      | 8490 ||| READING 2 scrolls of identify.
  8490 | D:6      | 8490 ||| IDENTIFYING grey potion
  8491 | D:6      | 8491 ||| DROPPING potion of invisibility.
  8539 | D:7      | Noticed Joseph
  8540 | D:7      | 8540 ||| Stepping ~*~*~tactically~*~*~ (stealth).
  8541 | D:7      | 8541 ||| Stepping ~*~*~tactically~*~*~ (stealth).
  8543 | D:7      | 8543 ||| Stepping ~*~*~tactically~*~*~ (stealth).
  8545 | D:7      | 8545 ||| Stepping ~*~*~tactically~*~*~ (stealth).
  8546 | D:7      | 8546 ||| Stepping ~*~*~tactically~*~*~ (stealth).
  8547 | D:7      | 8547 ||| Stepping ~*~*~tactically~*~*~ (hiding).
  8552 | D:7      | 8552 ||| INVOKING Berserk.
  8558 | D:7      | Killed Joseph
  8558 | D:7      | Reached *** piety under Trog
  8559 | D:7      | Reached skill level 10 in Axes
  8559 | D:7      | Reached XP level 10. HP: 63/63 MP: 10/10
  8615 | D:7      | 8615 ||| Stepping ~*~*~tactically~*~*~ (hiding).
  8618 | D:7      | 8618 ||| Stepping ~*~*~tactically~*~*~ (hiding).
  8630 | D:7      | 8630 ||| Stepping ~*~*~tactically~*~*~ (hiding).
  8632 | D:7      | 8632 ||| Stepping ~*~*~tactically~*~*~ (hiding).
  8660 | D:7      | 8660 ||| Stepping ~*~*~tactically~*~*~ (stealth).
  8672 | D:7      | 8672 ||| Stepping ~*~*~tactically~*~*~ (stealth).
  8676 | D:7      | 8676 ||| Stepping ~*~*~tactically~*~*~ (stealth).
  8699 | D:7      | 8699 ||| Stepping ~*~*~tactically~*~*~ (stealth).
  8700 | D:7      | 8700 ||| Stepping ~*~*~tactically~*~*~ (hiding).
  8780 | D:7      | 8780 ||| Stepping ~*~*~tactically~*~*~ (stealth).
  8931 | D:7      | 8931 ||| Stepping ~*~*~tactically~*~*~ (hiding).
  8933 | D:7      | 8933 ||| Stepping ~*~*~tactically~*~*~ (hiding).
  8935 | D:7      | 8935 ||| Stepping ~*~*~tactically~*~*~ (hiding).
  8936 | D:7      | 8936 ||| Stepping ~*~*~tactically~*~*~ (hiding).
  8963 | D:7      | Found Ceholl's Commerce Corner.
  8969 | D:7      | 8969 ||| Stepping ~*~*~tactically~*~*~ (stealth).
  8973 | D:7      | 8973 ||| Stepping ~*~*~tactically~*~*~ (stealth).
  8978 | D:7      | 8978 ||| Stepping ~*~*~tactically~*~*~ (stealth).
  8981 | D:7      | 8981 ||| Stepping ~*~*~tactically~*~*~ (hiding).
  8982 | D:7      | 8982 ||| FLEEEEING.
  8990 | D:7      | 8990 ||| INVOKING Berserk.
  9108 | D:7      | 9108 ||| DROPPING +0 flail of protection.
  9112 | D:7      | 9112 ||| SHOPLISTING +0 crystal plate armour (1120 gold,
                  | have 289).
  9112 | D:7      | 9112 ||| BUYING potion of cancellation (112 gold).
  9112 | D:7      | Bought a potion of cancellation for 112 gold pieces
  9112 | D:7      | 9112 ||| BUYING potion of curing (42 gold).
  9112 | D:7      | Bought a potion of curing for 42 gold pieces
  9144 | D:7      | 9144 ||| READING scroll of enchant armour.
  9144 | D:7      | 9144 ||| ENCHANTING +0 pair of boots.
  9301 | D:7      | Found a shimmering blue altar of Sif Muna.
  9356 | D:7      | 9356 ||| Stepping ~*~*~tactically~*~*~ (hiding).
  9471 | D:7      | 9471 ||| UPGRADING to +0 pair of gloves.
  9476 | D:7      | 9476 ||| UPGRADING to +2 helmet.
  9481 | D:7      | 9481 ||| UPGRADING to +2 scale mail of cold resistance.
  9491 | D:7      | 9491 ||| DRINKING 2 sapphire potions.
  9491 | D:7      | Gained mutation: Your natural rate of healing is unusually
                  | fast. [potion of mutation]
  9491 | D:7      | Gained mutation: You have a pair of small horns on your
                  | head. [potion of mutation]
  9491 | D:7      | Gained mutation: You passively map a small area around you.
                  | [potion of mutation]
  9491 | D:7      | Gained mutation: Your spells are a little harder to cast,
                  | but a little more powerful. [potion of mutation]
  9492 | D:7      | 9492 ||| DROPPING +2 helmet.
  9493 | D:7      | 9493 ||| READING 4 scrolls of identify.
  9493 | D:7      | 9493 ||| IDENTIFYING fizzy brown potion
  9494 | D:7      | 9494 ||| DROPPING potion of berserk rage.
  9527 | D:8      | 9527 ||| STAIRDANCE
  9531 | D:8      | Noticed a two-headed ogre
  9532 | D:8      | 9532 ||| STAIRDANCE
  9540 | D:8      | 9540 ||| STAIRDANCE
  9542 | D:7      | 9542 ||| INVOKING Berserk.
  9548 | D:7      | Killed a two-headed ogre
  9549 | D:7      | Reached skill level 3 in Dodging
  9723 | D:8      | 9723 ||| Stepping ~*~*~tactically~*~*~ (hiding).
  9724 | D:8      | 9724 ||| Stepping ~*~*~tactically~*~*~ (stealth).
  9728 | D:8      | 9728 ||| INVOKING Berserk.
  9866 | D:8      | Found a staircase to the Lair.
  9869 | D:8      | 9869 ||| INVOKING Berserk.
  9897 | D:8      | 9897 ||| FLEEEEING.
  9898 | D:8      | 9898 ||| FLEEEEING.
  9899 | D:8      | 9899 ||| FLEEEEING.
  9900 | D:8      | 9900 ||| FLEEEEING.
  9915 | D:8      | 9915 ||| INVOKING Berserk.
  9971 | D:8      | 9971 ||| INVOKING Berserk.
 10171 | D:8      | 10171 ||| Stepping ~*~*~tactically~*~*~ (hiding).
 10267 | D:8      | 10267 ||| Stepping ~*~*~tactically~*~*~ (stealth).
 10272 | D:8      | 10272 ||| Stepping ~*~*~tactically~*~*~ (stealth).
 10487 | D:8      | Noticed Amaemon
 10487 | D:8      | Noticed an orange demon
 10488 | D:8      | 10488 ||| Stepping ~*~*~tactically~*~*~ (hiding).
 10489 | D:8      | 10489 ||| Stepping ~*~*~tactically~*~*~ (hiding).
 10500 | D:8      | Killed an orange demon
 10501 | D:8      | Reached skill level 11 in Axes
 10503 | D:8      | 10503 ||| INVOKING Berserk.
 10509 | D:8      | Killed Amaemon
 10510 | D:8      | Reached skill level 9 in Fighting
 10515 | D:8      | Reached **** piety under Trog
 10516 | D:8      | Reached XP level 11. HP: 71/71 MP: 11/11
 10661 | D:8      | 10661 ||| DROPPING +0 morningstar.
 10787 | D:8      | Found a shadowy altar of Dithmenos.
 10850 | D:8      | 10850 ||| Stepping ~*~*~tactically~*~*~ (hiding).
 10851 | D:8      | 10851 ||| Stepping ~*~*~tactically~*~*~ (hiding).
 10854 | D:8      | 10854 ||| INVOKING Berserk.
 11228 | D:8      | 11228 ||| PLANNING LAIR
 11228 | D:8      | 11228 ||| DROPPING +0 chain mail.
 11229 | D:8      | 11229 ||| UPGRADING to +0 plate armour.
 11239 | D:8      | 11239 ||| DROPPING +2 scale mail of cold resistance.
 11240 | D:8      | 11240 ||| DROPPING amulet of magic regeneration.
 11241 | D:8      | 11241 ||| READING scroll labelled DUTUDGH FATOP.
 11242 | D:8      | 11242 ||| READING 4 scrolls of identify.
 11242 | D:8      | 11242 ||| IDENTIFYING orange potion
 11278 | Lair:1   | Entered Level 1 of the Lair of Beasts
 11341 | Lair:1   | 11341 ||| INVOKING Berserk.
 11344 | Lair:1   | Reached skill level 6 in Armour
 11465 | Lair:1   | Found a runed translucent gate.
 11465 | Lair:1   | Found a runed translucent gate.
 11465 | Lair:1   | Found a runed translucent gate.
 11466 | Lair:1   | Noticed qw's ghost (novice TeWr)
 11466 | Lair:1   | Noticed qw's ghost (journeyman TrCA)
 11499 | Lair:1   | 11499 ||| INVOKING Berserk.
 11601 | Lair:1   | 11601 ||| Stepping ~*~*~tactically~*~*~ (stealth).
 11605 | Lair:1   | 11605 ||| INVOKING Berserk.
 11752 | Lair:1   | 11752 ||| Stepping ~*~*~tactically~*~*~ (stealth).
 11755 | Lair:1   | 11755 ||| INVOKING Berserk.
 11766 | Lair:1   | Reached skill level 3 in Throwing
 11851 | Lair:1   | 11851 ||| INVOKING Berserk.
 12007 | Lair:1   | 12007 ||| INVOKING Berserk.
 12197 | Lair:1   | Reached skill level 12 in Axes
 12286 | Lair:1   | 12286 ||| INVOKING Berserk.
 12300 | Lair:1   | Reached skill level 9 in Armour
 12422 | Lair:1   | 12422 ||| INVOKING Berserk.
 12674 | Lair:1   | 12674 ||| INVOKING Berserk.
 12678 | Lair:1   | Reached skill level 6 in Shields
 12979 | Lair:1   | 12979 ||| UPGRADING to amulet of regeneration.
 12984 | Lair:1   | 12984 ||| READING scroll labelled EWOAN DIGULL.
 12985 | Lair:1   | 12985 ||| READING 4 scrolls of identify.
 12985 | Lair:1   | 12985 ||| IDENTIFYING lumpy inky potion
 12986 | Lair:1   | 12986 ||| DROPPING potion of lignification.
 13024 | Lair:2   | 13024 ||| STAIRDANCE
 13108 | Lair:2   | 13108 ||| Stepping ~*~*~tactically~*~*~ (stealth).
 13109 | Lair:2   | 13109 ||| Stepping ~*~*~tactically~*~*~ (stealth).
 13110 | Lair:2   | 13110 ||| Stepping ~*~*~tactically~*~*~ (stealth).
 13111 | Lair:2   | 13111 ||| Stepping ~*~*~tactically~*~*~ (stealth).
 13113 | Lair:2   | 13113 ||| Stepping ~*~*~tactically~*~*~ (stealth).
 13192 | Lair:2   | 13192 ||| INVOKING Berserk.
 13205 | Lair:2   | Reached XP level 12. HP: 77/77 MP: 12/12
 13217 | Lair:2   | HP: 15/77 [wolf (6)]
 13218 | Lair:2   | 13218 ||| DRINKING potion of heal wounds.
 13221 | Lair:2   | HP: 7/77 [blink frog (10)]
 13223 | Lair:2   | HP: 3/77 [wolf (5)]
 13223 | Lair:2   | Mangled by a cane toad

Levels and vault maps discovered:
D:1:      lightli_arrival_chessboard, layout_basic, grunt_decor_resistance
D:2:      wander_river, layout_rooms
D:3:      layout_basic, elyvilon_altar_1, chequers_ecumenical_altar_twisty,
          minivault_25, chequers_big_river, minmay_misc_feat_iff
D:4:      layout_basic, uniq_edmund
D:5:      layout_loops_corners, old_standard_altar, kennysheep_generic_room_6,
          uniq_menkaure
D:6:      minmay_recursive_quarters, layout_layer_cave,
          minmay_temple_entry_waves, gup_sewer_entry_bubbles, uniq_grinder,
          uniq_pikel
D:7:      cheibrodos_helix_gallery, layout_basic,
          nicolae_overflow_crystal_walls, nicolae_alphabet_shops, uniq_joseph
D:8:      layout_basic, lemuel_coloured_pillars_altar, erik_lair_island,
          uniq_amaemon
Lair:1:   layout_roguey, gammafunk_ghost_cemetery, infiniplex_staircase_pool_2,
          grunt_megastairs_1, serial_bayou_shore_a
Lair:2:   layout_regular_city, st_stairs_5

Skill      XL: |  1  2  3  4  5  6  7  8  9 10 11 12 |
---------------+-------------------------------------+-----
Axes           | 3 4 5 6 7 8 10 11 12 | 12.2
Fighting       | 4 5 6 7 9 10 | 10.0
Shields        | 3 4 5 6 |  6.2
Armour         | 3 4 5 9 |  9.0
Throwing       | 2 3 |  3.2
Dodging        | 2 3 |  3.7

Action                   |  1- 3 |  4- 6 |  7- 9 | 10-12 || total
-------------------------+-------+-------+-------+-------++-------
Melee: Hand axe          |    93 |    59 |   116 |       ||   268
       Punch             |     2 |       |       |       ||     2
       War axe           |       |       |   156 |   383 ||   539
       Headbutt          |       |       |       |    60 ||    60
Throw: Boomerang         |    23 |    48 |    33 |    30 ||   134
       Javelin           |       |       |       |    13 ||    13
Invok: Berserk           |     2 |     6 |    10 |    18 ||    36
       Trog's Hand       |       |       |     2 |       ||     2
  Use: Scroll            |    10 |     6 |     5 |     6 ||    27
       Potion            |     1 |     2 |     3 |     2 ||     8
Armor: Animal skin       |    17 |       |       |       ||    17
       Ring mail         |    11 |    34 |       |       ||    45
       Chain mail        |       |     1 |   186 |    49 ||   236
       Scale mail        |       |       |       |    54 ||    54
       Plate armour      |       |       |       |   164 ||   164
Dodge: Dodged            |    68 |    15 |   101 |   163 ||   347
Block: Buckler           |       |       |    62 |    99 ||   161

Table legend:
 A = Non-vault XP
 B = Vault XP
 C = Vault XP percentage of total XP
 D = Non-vault monster count
 E = Vault monster count
 F = Vault count percentage of total count
                 A         B        C        D         E       F
            +---------+---------+-------+---------+---------+-------
      Total |   14776 |    4582 |  23.7 |     228 |      34 |  13.0
            +---------+---------+-------+---------+---------+-------
        D:1 |      25 |       0 |   0.0 |      15 |       0 |   0.0
        D:2 |      31 |       0 |   0.0 |      11 |       0 |   0.0
        D:3 |      42 |       0 |   0.0 |      15 |       0 |   0.0
        D:4 |     339 |     164 |  32.6 |      26 |       1 |   3.7
        D:5 |     930 |     346 |  27.1 |      31 |       4 |  11.4
        D:6 |     593 |    1614 |  73.1 |      12 |      17 |  58.6
        D:7 |    2120 |     497 |  19.0 |      46 |       3 |   6.1
        D:8 |    1460 |    1961 |  57.3 |      28 |       9 |  24.3
     Lair:1 |    7160 |       0 |   0.0 |      28 |       0 |   0.0
     Lair:2 |    2076 |       0 |   0.0 |      16 |       0 |   0.0
            +---------+---------+-------+---------+---------+-------
